 Dungeon Sprint DCSS version 0.17.1-2-g5865329 (webtiles) character file.

4 hexophile the Slasher (level 1, -3/19 HPs)
             Began as a Ghoul Berserker on Jan 27, 2016.
             Was a Believer of Trog.
             Slain by a gnoll sergeant
             ... wielding a +0 spear
              (14 damage)
             ... in the Dungeon (Sprint IX: "|||||||||||||||||||||||||||||").
             The game lasted 00:00:23 (56 turns).

hexophile the Slasher (Ghoul Berserker)               Turns: 56, Time: 00:00:23

Health: -3/19      AC:  2    Str: 19    XL:     1   Next: 60%
Magic:  0/0        EV: 12    Int:  3    God:    Trog [**....]
Gold:   0          SH:  0    Dex:  8    Spells: 0 memorised, 0 levels left

rFire  . . .     SeeInvis .     a - +0 falchion
rCold  + . .     Clarity  .     b - +0 animal skin
rNeg   + + +     SustAt   .     (no shield)
rPois  ∞         Gourm    .     (no helmet)
rElec  .         Spirit   .     (no cloak)
rCorr  .         Warding  .     (no gloves)
rMut   .         NoTele   +     (no boots)
MR     ++...                    (no amulet)
Stlth  +.........               (no ring)
                                (no ring)

@: very slightly contaminated, regenerating, rotting, hasted, very quick, very
resistant to hostile enchantments, very unstealthy
A: rotting body, claws 1, carnivore 3, cold resistance 1, negative energy
resistance 3, slow regeneration 1, torment resistance, unbreathing
a: Trog's Hand, Burn Spellbooks, Renounce Religion


You were in the Dungeon.
You worshipped Trog.
Trog was pleased with you.
You were not hungry.

You visited 1 branch


Innate Abilities, Weirdness & Mutations

Your body is rotting away.
You thrive on raw meat.
You are immune to poison.
You have sharp fingernails.
You are carnivorous and can eat meat at any time.
Your flesh is cold resistant.
You are immune to negative energy.
You regenerate slowly when monsters are visible.
You are immune to unholy pain and torment.
You can survive without breathing.

Inventory:

Hand Weapons
 a - a +0 falchion (weapon)
Armour
 b - a +0 animal skin (worn)
Scrolls
 i - a scroll of blinking
Potions
 d - a potion of curing
 g - 2 potions of magic
 h - a potion of berserk rage
Comestibles
 c - a meat ration


You couldn't memorise any spells.
You didn't know any spells.


   Skills:
 - Level 3.2 Fighting
 + Level 3.9 Long Blades
 - Level 1.7 Armour
 - Level 1.7 Dodging

Dungeon Overview and Level Annotations

Branches:
Dungeon (1/1)

Altars:

Vault maps used:
D:        linesprint
You       could see a gnoll sergeant, an orc wizard, a gnoll and a bat skeleton.


Message History

Ouch! That really hurt!
* * * LOW HITPOINT WARNING * * *
There is an open door here. !MASSIVE DAMAGE!
YOU LOST 11 HP!
You have now: 6/18 HP.
The gnoll sergeant hits you from afar with a spear.
* * * LOW HITPOINT WARNING * * *
You lost 2 HP.
You have now: 4/18 HP.
Unknown command.
The orc wizard gestures wildly while chanting.
The orc wizard flickers and vanishes!
Deactivating autopickup; reactivate with Ctrl-A.
Drink which item? (? for menu, Esc to quit)
You feel much better. The gnoll sergeant misses you.
You got additional 1 HP.
Restored 15 HP.
You have now: 19/19 HP.
You see here a kobold corpse.
There is an open door to the Dungeon here.
You see here a giant newt corpse.
Your skin crawls.
You feel resistant to hostile enchantments.
You feel slightly more hungry.
Unknown command.
Drink which item? (? for menu, Esc to quit)
You feel yourself speed up. The gnoll sergeant barely misses you.
You are very lightly contaminated with residual magic.
The gnoll sergeant barely misses you.
You see here a kobold corpse.
You hit the gnoll sergeant but do no damage.
The gnoll sergeant hits you with a spear.
You lost 1 HP.
You have now: 18/19 HP.
You barely miss the gnoll sergeant. The gnoll sergeant misses you.
The gnoll sergeant blocks your attack.
You hit the gnoll sergeant.
The gnoll sergeant is lightly wounded.
The gnoll sergeant closely misses you.
You slash the gnoll sergeant!
The gnoll sergeant is heavily wounded.
The gnoll sergeant completely misses you.
You hit the gnoll sergeant but do no damage.
The gnoll sergeant is heavily wounded.
The gnoll sergeant hits you with a spear! !MASSIVE DAMAGE!
YOU LOST 9 HP!
You have now: 10/19 HP.
You hit the gnoll sergeant but do no damage.
The gnoll sergeant is heavily wounded.
You hit the gnoll sergeant but do no damage.
The gnoll sergeant is heavily wounded.
The gnoll sergeant hits you with a spear!
Ouch! That really hurt!
You die...

Action                   || total
-------------------------++-------
Melee: Falchion          ||    34
Invok: Trog's Hand       ||     1
  Use: Potion            ||     2

Notes
Turn   | Place    | Note
--------------------------------------------------------------
     0 | D        | hexophile the Ghoul Berserker began the quest for the Orb.
     0 | D        | Reached XP level 1. HP: 19/19 MP: 0/0
    11 | D        | Reached skill level 3 in Long Blades
    23 | D        | Reached ** piety under Trog
    37 | D        | Noticed an orc wizard
    37 | D        | Noticed an orc wizard
    37 | D        | Noticed a gnoll sergeant
    56 | D        | Slain by a gnoll sergeant

Table legend:
 A = Turns spent in this place as a percentage of turns spent in the entire game.
 B = Non-inter-level travel turns spent in this place as a percentage of non-inter-level travel turns spent in the entire game.
 C = Inter-level travel turns spent in this place as a percentage of turns spent in this place.
 D = Turns resting spent in this place as a percentage of non-inter-level travel turns spent in this place.
 E = Turns spent auto-exploring this place as a percentage of non-inter-level travel turns spent in this place.
 F = Non-inter-level travel turns spent in this place divided by the number of levels of this place that you've seen.
                   A       B       C       D       E      F
               +-------+-------+-------+-------+-------+----------------------
         Total | 100.0 | 100.0 |   0.0 |   0.0 |   0.0 |  82.0
       Dungeon | 100.0 | 100.0 |   0.0 |   0.0 |   0.0 |  82.0
               +-------+-------+-------+-------+-------+----------------------

Table legend:
 A = Kills in this place as a percentage of kills in entire the game.
 B = Kills by you in this place as a percentage of kills by you in the entire game.
 C = Kills by friends in this place as a percentage of kills by friends in the entire game.
 D = Other kills in this place as a percentage of other kills in the entire game.
 E = Experience gained in this place as a percentage of experience gained in the entire game.
 F = Experience gained in this place divided by the number of levels of this place that you have seen.
                   A       B       C       D       E      F
               +-------+-------+-------+-------+-------+----------------------
         Total | 100.0 | 100.0 |  -nan |  -nan | 100.0 |   6.0
       Dungeon | 100.0 | 100.0 |  -nan |  -nan | 100.0 |   6.0
               +-------+-------+-------+-------+-------+----------------------

Vanquished Creatures
  A bat (D)
  A giant newt (D)
  A goblin (D)
  A kobold (D)
  A rat (D)
5 creatures vanquished.
